 Dungeon Crawl Stone Soup version 0.17-a0-1596-g1e86911 (webtiles) character file.

397 dorian the Firebug (level 6, -8/36 HPs)
             Began as an Octopode Fire Elementalist on July 30, 2015.
             Mangled by cmdexe's ghost (14 damage)
             ... on level 7 of the Dungeon.
             The game lasted 00:12:23 (4671 turns).

dorian the Firebug (Octopode Fire Elementalist)     Turns: 4671, Time: 00:12:24

Health: -8/36      AC:  1    Str:  8    XL:     6   Next: 83%
Magic:  3/9        EV: 12    Int: 19    God:
Gold:   221        SH:  0    Dex: 12    Spells: 3 memorised, 1 level left

rFire  . . .     SeeInvis .     k - +0 short sword (venom)
rCold  . . .     Clarity  .     (no shield)
rNeg   . . .     SustAt   .     (helmet restricted)
rPois  .         Gourm    .     (no amulet)
rElec  .         Spirit   .     (no ring)
rCorr  .         Warding  .     (no ring)
rMut   .         Stasis   .     (no ring)
MR     .....                    (no ring)
Stlth  +++.......               (no ring)
                                (no ring)
                                (no ring)
                                (no ring)

@: very slightly contaminated, not resistant to hostile enchantments, fairly
stealthy
A: almost no armour, amphibious, 8 rings, constrict 8, camouflage 1, gelatinous
body 1
a: no special abilities


You were on level 7 of the Dungeon.
You were not hungry.

You visited 1 branch of the dungeon, and saw 5 of its levels.

You collected 221 gold pieces.

Inventory:

Hand weapons
 k - a +0 short sword of venom (weapon)
Jewellery
 f - a cursed ring of loudness {unknown}
Magical devices
 x - a wand of confusion (27)
Scrolls
 e - a scroll of recharging {unknown}
 g - 11 scrolls of identify {unknown}
 i - 3 scrolls of noise {unknown}
 l - 4 scrolls of teleportation {unknown}
 m - 2 scrolls of fog {unknown}
 o - 2 scrolls of magic mapping {unknown}
 s - a scroll of immolation {unknown}
 w - a scroll of remove curse {unknown}
 y - 2 scrolls of enchant armour {unknown}
 z - a scroll of enchant weapon {unknown}
Potions
 c - 2 potions of cancellation {unknown}
 d - a potion of degeneration {unknown}
 h - 2 potions of haste {unknown}
 p - a potion of curing {unknown}
 q - a potion of brilliance {unknown}
 t - a potion of heal wounds {unknown}
Books
 a - a book of Flames

   Spells                             Type                      Level
   a - Flame Tongue                   Conjuration/Fire             1
   b - Throw Flame                    Conjuration/Fire             2
   c - Conjure Flame                  Conjuration/Fire             3
   d - Inner Flame                    Hexes/Fire                   3
   e - Sticky Flame                   Conjuration/Fire             4
   f - Fireball                       Conjuration/Fire             5
 u - a book of Annihilations

   Spells                             Type                      Level
   a - Poison Arrow                   Conjuration/Poison           6
   b - Chain Lightning                Conjuration/Air              8
   c - Lehudib's Crystal Spear        Conjuration/Earth            8
   d - Glaciate                       Conjuration/Ice              9
   e - Fire Storm                     Conjuration/Fire             9
Comestibles
 b - a bread ration
 j - 2 fruits
 r - a beef jerky
 v - a meat ration


   Skills:
 - Level 2.0 Dodging
 - Level 2.6 Stealth
 - Level 2.0 Spellcasting
 + Level 4.8 Conjurations
 + Level 5.5 Fire Magic


You had one spell level left.
You knew the following spells:

 Your Spells              Type           Power        Failure   Level  Hunger
a - Flame Tongue          Conj/Fire      ###..        1%          1    #......
b - Conjure Flame         Conj/Fire      ###.....     8%          3    ###....
c - Sticky Flame          Conj/Fire      ###.....     21%         4    #####..


Dungeon Overview and Level Annotations

Branches:
Dungeon (7/15)
 Temple: D:4-7

Altars:
Qazlal
Trog

Annotations:
D:7 Dowan; cmdexe's ghost, experienced HONe


Innate Abilities, Weirdness & Mutations

You cannot wear most types of armour.
You are amphibious.
You can wear up to eight rings at the same time.
You can use your tentacles to constrict eight enemies at once.
Your skin changes colour to match your surroundings (Stealth).
Your rubbery body absorbs attacks (AC +1).


Message History

Cmdexe's ghost hits you!
You miss cmdexe's ghost. Your squeeze misses cmdexe's ghost.
Cmdexe's ghost is moderately damaged.
Cmdexe's ghost is engulfed in roaring flames.
Cmdexe's ghost says, "Don't worry, I won't let your corpse go to waste."
Cmdexe's ghost hits you.
* * * LOW HITPOINT WARNING * * *
You closely miss cmdexe's ghost.
Cmdexe's ghost is moderately damaged.
Cmdexe's ghost is engulfed in roaring flames.
Cmdexe's ghost closely misses you.
You closely miss cmdexe's ghost.
Cmdexe's ghost is moderately damaged.
Cmdexe's ghost is engulfed in roaring flames.
Cmdexe's ghost misses you.
You miss cmdexe's ghost.
Cmdexe's ghost is heavily damaged.
Cmdexe's ghost is engulfed in roaring flames.
Cmdexe's ghost hits you!
You die...

######........#############
###..........................
.............................
.................#...........
##.#####.........#...##......
#..# #########.#...# .....
..####### #.W...# .....
..#.....###########..##......
........+.......@W...........
..#.....###########..#..... #
........+ ... #..#.....
.##.....# #.##..# ....
.##.....# #.....#...#.
.##.....# ###.......#
.##.....########....######
###....#.......#.##.#
#....#.#.....#.##.#


You could see cmdexe's ghost.

Vanquished Creatures
  2 orc priests (D:3)
  An orc wizard (D:3)
  Ijyb (D:2)
  2 hounds (D:4)
  2 worker ants (D:4)
  A hound skeleton (D:7)
  Robin (D:2)
  6 adders
  2 oozes
  2 giant geckos (D:1)
  4 orcs (D:3)
  11 goblins
  8 hobgoblins
  3 jackals (D:2)
  6 kobolds
  2 quokkas (D:3)
  3 ball pythons (D:3)
  6 bats
  6 giant cockroaches
  7 giant newts
  10 rats
86 creatures vanquished.

Notes
Turn   | Place    | Note
--------------------------------------------------------------
     0 | D:1      | dorian the Octopode Fire Elementalist began the quest for the Orb.
     0 | D:1      | Reached XP level 1. HP: 11/11 MP: 3/3
   417 | D:1      | Reached XP level 2. HP: 1/17 MP: 0/5
  1423 | D:2      | Reached XP level 3. HP: 19/21 MP: 2/6
  1660 | D:2      | Noticed a fire elemental
  1662 | D:2      | Found a stormy altar of Qazlal.
  1663 | D:2      | Noticed a water elemental
  1663 | D:2      | Noticed an earth elemental
  1663 | D:2      | Noticed an air elemental
  1934 | D:2      | Reached XP level 4. HP: 27/27 MP: 5/7
  1940 | D:2      | Reached skill level 4 in Fire Magic
  1997 | D:2      | Noticed Ijyb
  2018 | D:2      | Killed Ijyb
  2135 | D:2      | Noticed Robin
  2516 | D:2      | Reached XP level 5. HP: 12/31 MP: 4/8
  2711 | D:2      | Killed Robin
  2970 | D:2      | Learned a level 3 spell: Conjure Flame
  2975 | D:2      | Learned a level 4 spell: Sticky Flame
  3527 | D:3      | Reached skill level 5 in Fire Magic
  3527 | D:3      | Reached XP level 6. HP: 22/36 MP: 3/9
  3711 | D:3      | Found a bloodstained altar of Trog.
  4547 | D:4      | You fall through a shaft for 3 floors!
  4586 | D:7      | Noticed Dowan
  4641 | D:7      | Noticed cmdexe's ghost (experienced HONe)
  4671 | D:7      | Mangled by cmdexe's ghost

Vault maps used:
D:1:      eino_arrival_tree_alley
D:2:      nicolae_qazlal_style_of_elements, uniq_iyjb, uniq_robin
D:3:      trog_butcher_becter
D:7:      lemuel_round_altar, uniq_duvessa

Action                   |  1- 3 |  4- 6 || total
-------------------------+-------+-------++-------
Melee: Unarmed           |    17 |       ||    17
       Short sword       |    26 |    55 ||    81
 Cast: Flame Tongue      |    39 |    73 ||   112
       Conjure Flame     |       |     1 ||     1
  Use: Potion            |       |     1 ||     1
 Stab: Sleeping          |     5 |     4 ||     9
       Distracted        |       |     1 ||     1
  Eat: Chunk             |     4 |     9 ||    13
